AoeStats
← 🅡🅐🅨🅖🅞🅝

Four Lakes

508079917Analyzed
1v1 RM · 10d ago on Sep 20, 2026· 42m 16s· 2 players
Game mode
Random Map
Map size
Tiny (2 player)
Population
200
Speed
Normal
Resources
Standard
Victory
Conquest
Starting age
Dark Age
Ending age
Imperial Age
RankedLock teamsTeams togetherTeam positionsShared explorationLock speedFull tech treeHidden civsTurbo modeCheats
Victory
Defeat
🇨🇱 Khmer · Chile
687
+17
🇩🇰 Cumans · Denmark
706
-39
spincheira
3:07 Loom
10:11 Feudal Age
19:57 Castle Age
19:49 Fishing Lines
19:57 Horse Collar
20:05 Double-Bit Axe
35:04 Imperial Age
35:06 Forging
35:02 Scale Barding Armor
34:50 Fletching
36:06 Double Crossbow
36:08 Tusk Swords
37:26 Husbandry
38:14 Heavy Scorpion
🅡🅐🅨🅖🅞🅝
11:15 Feudal Age
11:41 Double-Bit Axe
13:35 Horse Collar
17:43 Bloodlines
24:49 Castle Age
23:16 Scale Barding Armor
23:41 Forging
25:32 Scale Mail Armor
27:58 Capped Ram
31:21 Bow Saw
32:50 Light Cavalry
39:34 Imperial Age
38:33 Chain Mail Armor
40:14 Gold Mining
40:18 Stone Mining
Connection lost

Rejoining the realm…

Still unreachable

The connection could not be restored.

Session expired

The server has moved on; the page needs a fresh start.